 Dungeon Crawl Stone Soup version 0.29-a0-298-g3c90f9a769 (webtiles) character file.

Game seed: 13606153192152067644

73 jmlagarto the Skirmisher (level 4, -1/40 HPs)
             Began as a Hill Orc Abyssal Knight on Mar 23, 2022.
             Was a Priest of Lugonu.
             Slain by a sky beast (6 damage)
             ... on level 3 of the Dungeon.
             The game lasted 00:05:33 (2798 turns).

jmlagarto the Skirmisher (Hill Orc Abyssal Knight)  Turns: 2798, Time: 00:05:34

Health: -1/40      AC: 10    Str: 17    XL:     4   Next: 27%
Magic:  6/6        EV:  7    Int: 10    God:    Lugonu [***...]
Gold:   91         SH:  0    Dex: 11    Spells: 3/3 levels left

rFire   . . .      SeeInvis .   f - +0 war axe
rCold   . . .      Faith    .   (no shield)
rNeg    + + +      Spirit   .   d - +0 chain mail "Huesed" {rN++}
rPois   .          Reflect  .   (no helmet)
rElec   .          Harm     .   e - +0 cloak
rCorr   .          Rampage  .   (no gloves)
Will    .....                   (no boots)
Stlth   ..........              (no amulet)
HPRegen 0.13/turn               g - ring of positive energy
MPRegen 0.10/turn               (no ring)

@: no status effects
A: no striking features
a: Renounce Religion, Depart the Abyss, Bend Space, Banish


You were on level 3 of the Dungeon.
You worshipped Lugonu.
Lugonu was most pleased with you.
You visited 1 branch of the dungeon, and saw 3 of its levels.
You visited the Abyss 1 time.

You collected 91 gold pieces.

Inventory:

Hand Weapons
 f - a +0 war axe (weapon)
Missiles
 a - 4 poisoned darts (quivered)
Armour
 d - the +0 chain mail "Huesed" (worn) {rN++}
   (You found it on level 2 of the Dungeon)

   rN:        It greatly protects you from negative energy.
 e - a +0 cloak (worn)
Jewellery
 g - a ring of positive energy (left hand)
Scrolls
 b - a scroll of enchant armour {unknown}
 i - a scroll of amnesia {unknown}
 j - a scroll of acquirement {unknown}
Potions
 h - a potion of resistance {unknown}
 k - a potion of degeneration {unknown}
 l - a potion of lignification {unknown}
 m - a potion of heal wounds {unknown}


   Skills:
 + Level 4.2 Fighting
 + Level 3.5 Axes
 + Level 2.9 Armour
 + Level 1.4 Dodging
 + Level 3.3 Invocations


You had 3 spell levels left.
You didn't know any spells.
Your spell library was empty.

Dungeon Overview and Level Annotations

Branches:
Dungeon (3/15)

Altars:


Message History

The orc shouts!
You hear a shout!
A sky beast comes into view.
You see here a coppery potion.
There are monsters nearby!
The sky beast flickers out of sight!
Deactivating autopickup; reactivate with Ctrl-A.
Something hits you but does no damage.
You barely miss something.
Something hits you but does no damage. x2
You barely miss something.
A sky beast appears from thin air!
Reactivating autopickup.
The sky beast hits you. The sky beast shocks you.
You miss the sky beast.
The sky beast hits you but does no damage.
You hit the sky beast.
The sky beast is lightly wounded.
The sky beast hits you. The sky beast shocks you. The sky beast hits you.
The sky beast shocks you.
You barely miss the sky beast.
The sky beast is lightly wounded.
The sky beast flickers out of sight!
Deactivating autopickup; reactivate with Ctrl-A.
Something hits you but does no damage.
You barely miss something. Something hits you but does no damage.
You closely miss something.
Something hits you but does no damage. x2
Okay, then.
Okay, then.
It was a potion of curing.
You feel better. Something hits you. Something shocks you.
You slash something! Something hits you. Something shocks you.
* * * LOW HITPOINT WARNING * * *
You miss something. Something hits you.
* * * LOW HITPOINT WARNING * * *
Something shocks you.
* * * LOW HITPOINT WARNING * * *
You feel better.
A sky beast appears from thin air!
Reactivating autopickup.
The sky beast hits you.
* * * LOW HITPOINT WARNING * * *
The sky beast shocks you.
You die...

#.# #### #.# ..# #.# #.# #.#
#@# #.# #Y# # #.# ##o#### ..
#.# #.....# .# ###.####
#.....##..# ##......#
#.......).# ..
##.###.#.######.....###.#....
..## ##.......†.....#!...?...
#.# #.................#....


You could see a sky beast and an orc.

Vanquished Creatures
  2 adders (D:2)
  A worm (D:2)
  2 dart slugs
  2 endoplasms
  4 giant cockroaches
  6 goblins
  A hobgoblin (D:2)
  4 jackals (D:1)
  4 kobolds
  2 ball pythons
  8 bats
  2 frilled lizards
  6 rats
44 creatures vanquished.

Notes
Turn   | Place    | Note
-------+----------+-------------------------------------------
     0 | Abyss:1  | jmlagarto the Hill Orc Abyssal Knight began the quest for
                  | the Orb.
     0 | Abyss:1  | Reached XP level 1. HP: 19/19 MP: 2/2
    11 | D:1      | Escaped the Abyss
    40 | D:1      | Found a faded altar of an unknown god.
   151 | D:1      | Reached skill level 1 in Dodging
   151 | D:1      | Reached XP level 2. HP: 17/27 MP: 3/3
  1219 | D:2      | Reached XP level 3. HP: 33/33 MP: 5/5
  1271 | D:2      | Reached skill level 4 in Fighting
  1619 | D:2      | Identified the +0 chain mail "Huesed" {rN++}
  1965 | D:2      | Reached *** piety under Lugonu
  2301 | D:2      | Reached XP level 4. HP: 24/40 MP: 6/6
  2777 | D:3      | Noticed a sky beast
  2797 | D:3      | HP: 2/40 [something (6)]
  2798 | D:3      | Slain by a sky beast

Illustrated notes

Levels and vault maps discovered:
D:1:      wander_arrival_estate, layout_loops_ring, basic_ecumenical_altar,
          bh_walls_and_bars
D:2:      layout_basic, grunt_ministairs_2
D:3:      layout_loops_ring

Skill      XL: |  1  2  3 |
---------------+----------+-----
Dodging        | 1 |  1.4
Axes           | 3 |  3.5
Invocations    | 3 |  3.3
Fighting       | 4 |  4.2
Armour         | |  2.9

Action                   |  1- 3 |  4- 6 || total
-------------------------+-------+-------++-------
Melee: Hand axe          |    69 |       ||    69
       War axe           |    71 |    25 ||    96
       Dagger            |     1 |       ||     1
       Punch             |     1 |       ||     1
Throw: Dart              |     1 |       ||     1
  Use: Scroll            |     1 |       ||     1
       Potion            |       |     2 ||     2
Armor: Leather armour    |    19 |       ||    19
       Chain mail        |    75 |    22 ||    97
       Ring mail         |     1 |       ||     1
Dodge: Dodged            |    82 |     4 ||    86

Table legend: (Time is in decaauts)
 A = Elapsed time spent in this place.
 B = Non-inter-level travel time spent in this place.
 C = Inter-level travel time spent in this place.
 D = Time resting spent in this place.
 E = Time spent auto-exploring this place.
 F = Levels seen in this place.
 G = Mean time per level.
                   A        B        C        D        E       F      G
               +--------+--------+--------+--------+--------+-----+--------+
         Total |   2838 |   2738 |    100 |      0 |   2269 |   4 |  709.5 |
       Dungeon |   2827 |   2727 |    100 |      0 |   2267 |   3 |  942.3 |
         Abyss |     11 |     11 |      0 |      0 |      2 |   1 |   11.0 |
               +--------+--------+--------+--------+--------+-----+--------+

Top non-repeatable levels by time:
     D:2: 1483 daAuts
     D:1: 1059 daAuts
     D:3: 284 daAuts
 Abyss:1: 11 daAuts
